 Dungeon Crawl Stone Soup version 0.16.0-17-g811c1d7 (webtiles) character file.

177995 Chiseanne the Peltast (level 17, -5/93 HPs)
             Began as a Vine Stalker Monk on Mar 19, 2015.
             Was the Champion of Cheibriados.
             Slain by the 27-headed Lernaean hydra (8 damage)
             ... on level 5 of the Swamp on Mar 20, 2015.
             The game lasted 01:52:23 (23131 turns).

Chiseanne the Peltast (Vine Stalker Monk)          Turns: 23131, Time: 01:52:23

Health: -5/93      AC: 35    Str: 36    XL:     17   Next: 86%
Magic:  0/39       EV: 11    Int: 33    God:    Cheibriados [******]
Gold:   3664       SH: 27    Dex: 40    Spells: 5 memorised, 13 levels left

rFire  + . .     SeeInvis +       - Unarmed
rCold  . . .     Clarity  +     t - +5 plate armour "Ujua" {rCorr MP+9 Int+2 Dex+3}
rNeg   + . .     SustAb   .     L - +1 large shield
rPois  +         Gourm    .     S - +2 helmet
rElec  .         Spirit   +     M - +2 cloak of Tosuxeol {SInv}
rCorr  +         Warding  +     P - +2 pair of gloves of the City {Regen+ Int+6}
rMut   .         Stasis   .     G - +2 pair of boots {rF+}
MR     ++...                    F - amulet of warding
Stlth  ..........               u - +3 ring of slaying
                                p - ring of poison resistance

@: mighty, about to teleport, very slow, very resistant to hostile enchantments,
extremely unstealthy
A: fangs 3, clarity, regeneration 3, magic shield, antimagic bite, no device
heal 3, rot immunity, placid magic 2
a: Bend Time, Temporal Distortion, Slouch, Step From Time, Renounce Religion
}: 1/15 runes: serpentine


You were on level 5 of the Swamp.
You worshipped Cheibriados.
Cheibriados was exalted by your worship.
You were full.

You visited 4 branches of the dungeon, and saw 33 of its levels.
You also visited: Ossuary, Ice Cave and Volcano.

You collected 3664 gold pieces.

Inventory:

Hand weapons
 w - a +0 blowgun
Missiles
 g - 88 poisoned needles
 J - 11 curare-tipped needles
Armour
 s - a +2 shield
 t - the +5 plate armour "Ujua" (worn) {rCorr MP+9 Int+2 Dex+3}
   (You found it on level 4 of the Dungeon)

   It affects your intelligence (+2).
   It affects your dexterity (+3).
   It affects your magic capacity (+9).
   It protects you from acid and corrosion.
 G - a +2 pair of boots of fire resistance (worn)
 L - a +1 large shield (worn)
 M - the +2 cloak of Tosuxeol (worn) {SInv}
   (You found it in an ice cave)

   It enhances your eyesight.
 P - the +2 pair of gloves of the City (worn) {Regen+ Int+6}
   (You acquired it on level 4 of the Swamp)

   It affects your intelligence (+6).
   It increases your rate of regeneration.
 S - a +2 helmet (worn)
Jewellery
 c - an uncursed ring of see invisible
 f - an uncursed amulet of the gourmand
 p - a ring of poison resistance (left hand)
 u - a +3 ring of slaying (right hand)
 v - an uncursed ring of protection from fire
 A - an uncursed ring of protection from cold
 F - an amulet of warding (around neck)
 H - an uncursed ring of teleportation
 V - an uncursed ring of flight
Magical devices
 m - a wand of teleportation (9)
 C - a wand of fire (4)
 D - a wand of fire (6)
 N - a wand of draining (5)
 X - a wand of draining (3)
Scrolls
 a - 12 scrolls of teleportation
 i - a scroll of recharging
 l - 8 scrolls of blinking
 n - 8 scrolls of fear
 x - a scroll of fog
 z - 11 scrolls of remove curse
 B - a scroll of immolation
 R - 7 scrolls of identify
Potions
 d - 16 potions of curing
 e - 6 potions of cancellation
 q - 2 potions of lignification
 r - 2 potions of invisibility
 E - a potion of flight
 I - 3 potions of restore abilities
Books
 y - a book of Burglary

   Spells                             Type                      Level
   a - Swiftness                      Charms/Air                   2
   b - Passwall                       Transmutation/Earth          3
   c - Passage of Golubria            Translocation                4
   d - Lee's Rapid Deconstruction     Earth                        5
   e - Invisibility                   Hexes                        6
   f - Darkness                       Hexes                        7
Miscellaneous
 h - a phial of floods
 Q - a lamp of fire
Comestibles
 b - 14 bread rations
 j - 14 meat rations
 k - 70 fruits
 o - 9 beef jerkies


   Skills:
 - Level 12.0 Fighting
 + Level 13.1 Armour
 - Level 3.2 Dodging
 - Level 2.4 Stealth
 - Level 16.6 Shields
 - Level 13.2 Unarmed Combat
 - Level 4.0 Spellcasting
 - Level 3.8 Charms
 - Level 8.0 Invocations


You had 13 spell levels left.
You knew the following spells:

 Your Spells              Type           Power        Failure   Level  Hunger
a - Blink                 Tloc           N/A          69%         2    None
b - Repel Missiles        Chrm/Air       #.....       30%         2    None
c - Apportation           Tloc           #.........   43%         1    None
d - Shroud of Golubria    Chrm/Tloc      #.........   30%         2    None
e - Passage of Golubria   Tloc           N/A          100%        4    ###....


Dungeon Overview and Level Annotations

Branches:
Dungeon (15/15) Temple (0/1) D:5 D:7 Lair (8/8) D:8 Swamp (5/5) Lair:6 Snake (5/5) Lair:4 Slime (0/6) Lair:6 Orc (0/4) D:9 Vaults (0/5) D:14 Depths (0/5) D:15

Altars:
Cheibriados
Dithmenos
Elyvilon
Kikubaaqudgha
Makhleb
Qazlal
Xom
The Shining One

Shops:
D:10 [   D:15 :

Portals:
Hell: Lair:8

Annotations:
D:3 Sigmund
Swamp:5 Lernaean hydra


Innate Abilities, Weirdness & Mutations

You have razor-sharp teeth.
You regenerate.
When hurt, damage is shared between your health and your magic reserves.
Your bite disrupts and absorbs the magic of your enemies.
Potions and wands cannot restore your health.
You are immune to rotting.
You possess an exceptional clarity of mind.
Your spells are easier to cast, but less powerful.


Message History

The 27-headed Lernaean hydra bites you but does no damage. x2
The 27-headed Lernaean hydra barely misses you.
The 27-headed Lernaean hydra bites you but does no damage. x3
You block the 27-headed Lernaean hydra's attack.
The 27-headed Lernaean hydra barely misses you.
You block the 27-headed Lernaean hydra's attack. x2
The 27-headed Lernaean hydra bites you but does no damage. x7
You block the 27-headed Lernaean hydra's attack. x2
The 27-headed Lernaean hydra bites you but does no damage.
You block the 27-headed Lernaean hydra's attack.
The 27-headed Lernaean hydra bites you.
* * * LOW HITPOINT WARNING * * *
The 27-headed Lernaean hydra bites you but does no damage. x6
The 27-headed Lernaean hydra closely misses you.
The 27-headed Lernaean hydra bites you but does no damage.
You block the 27-headed Lernaean hydra's attack.
The 27-headed Lernaean hydra bites you!
* * * LOW HITPOINT WARNING * * *
The 27-headed Lernaean hydra bites you!
You die...

,...≈.#≈...#≈..⌠#⌠...#≈...#.♣≈≈§♣
,,.≈....P..#######.##.##P..≈♣♣♣♣♣
,,.............⌠#⌠...#§...#≈♣ *
≈,≈.§..≈....P≈≈.#..§P.≈.≈..≈♣****
,≈.§.≈..(.(.(...#...8.(≈8P#≈.≈≈≈≈
≈,≈.≈≈.≈)..≈.8..#,P(...≈.≈#≈,,≈≈≈
,,...≈####.#...###...#+##**≈≈*,≈≈
≈.≈≈.#..≈≈≈..8....≈(.'....**≈**≈≈
.§.,,#..≈≈≈...≈.@D.≈.#,,,,,*,***,
.≈≈.♣#...P..≈8...≈.8.#,,,,,*≈*≈≈≈
.≈≈≈....†..#≈≈.....P.#,,,,,**≈≈≈,
≈≈..≈#...P##.#.#'#.#[#*,,,******,
♣♣.♣≈.#.###≈≈≈.....≈≈≈#****,**≈≈≈
,*,♣.♣♣♣♣...♣♣♣♣♣≈≈≈≈≈≈≈≈≈≈***,≈≈
,,≈.≈≈,**..♣* *≈≈≈≈.♣,≈≈≈≈**,≈≈
,≈..,,,,,≈.* *.≈≈≈♣**,,≈**,≈≈≈
,≈≈≈,≈,,,,** *♣♣*** *≈,,,,≈≈≈≈


You could see the 27-headed Lernaean hydra.

Vanquished Creatures
  Norris (Snake:3)
  Rupert (Lair:3)
  Agnes (Snake:1)
  3 greater nagas (Snake:5)
  A frost giant (IceCv)
  Louise (Snake:1)
  Snorg (Lair:4)
  An ice dragon (D:14)
  A fire dragon (Lair:5)
  A yaktaur captain (D:15)
  16 hydras
  7 naga warriors (Snake:5)
  A catoblepas (Lair:8)
  9 anacondas
  3 centaur warriors
  An alligator (Swamp:2)
  10 death yaks
  9 naga sharpshooters
  2 tengu warriors
  Urug (D:14)
  A fire crab (Lair:8)
  3 salamander mystics
  A sun demon (Lair:8)
  2 sea snakes (Snake:2)
  8 swamp dragons
  A shambling mangrove (Swamp:2)
  2 unseen horrors
  An ice statue (IceCv)
  2 wizards
  Erolcha (D:8)
  An orc knight (D:13)
  7 naga ritualists
  A wolf spider zombie (D:15)
  3 hill giants
  3 griffons
  An ugly thing (D:11)
  An oklob plant (Lair:8)
  2 manticores
  5 mana vipers
  10 salamanders
  3 elephants (Lair:7)
  A cyclops (D:13)
  A toenail golem (Volcano)
  A gargoyle (D:10)
  A smoke demon (Lair:8)
  A torpor snail (Lair:6)
  16 naga magi
  20 black mambas
  2 molten gargoyles (Volcano)
  5 centaur skeletons
  2 orange demons (Lair:8)
  A queen ant (Lair:1)
  4 fire drakes
  20 spiny frogs
  A hellwing (Lair:8)
  An efreet (Volcano)
  A kobold demonologist (D:9)
  11 komodo dragons
  2 red devils (Lair:8)
  15 polar bears
  A queen bee (D:10)
  4 blue devils (Lair:8)
  2 two-headed ogres
  4 trolls
  A trapdoor spider zombie (D:14)
  Prince Ribbit (D:7)
  4 giant leeches
  4 slime creatures
  A raiju (shapeshifter) (D:14)
  2 boulder beetles
  14 ravens
  The ghost of ghwc the Cudgeler, an average OgBe of Trog (D:3)
  3 basilisks
  10 blink frogs
  67 yaks
  3 spriggans
  A trapdoor spider (D:10)
  A fire bat (Volcano)
  5 wyverns
  3 shadows
  A hungry ghost (D:14)
  Eustachio (D:10)
  2 deep elf magi (D:11)
  10 hippogriffs
  A steam dragon (D:13)
  2 mottled dragons
  8 vampire mosquitoes
  A deep elf fighter (D:8)
  27 nagas
  33 wolves
  11 swamp worms
  9 soldier ants
  3 hell hounds
  24 water moccasins
  8 sky beasts
  A hornet simulacrum (D:15)
  7 swamp drakes
  5 orc warriors
  20 porcupines
  5 black bears
  5 ice beasts
  2 wasps
  10 centaurs
  An eye of draining (D:11)
  3 ogres
  4 phantoms
  A brain worm (D:14)
  18 crocodiles
  4 boring beetles
  27 giant frogs
  Blork the orc (D:5)
  2 gnoll sergeants
  2 big kobolds
  A water moccasin zombie (Ossuary)
  4 scorpions
  15 killer bees
  6 electric eels
  11 wights
  9 crimson imps
  7 centaur zombies
  14 bog bodies
  3 quasits
  A goliath beetle (D:7)
  2 lava snakes (Volcano)
  8 orc priests
  4 jellies
  Crazy Yiuf (D:3)
  3 giant frog skeletons
  6 giant frog zombies
  14 hounds
  11 orc wizards
  10 iguanas
  A killer bee zombie (Ossuary)
  5 sheep
  31 worker ants
  2 hound zombies (Ossuary)
  2 hound skeletons
  Terence (D:3)
  11 mummies
  5 worker ant zombies
  22 adders
  21 gnolls
  63 river rats
  4 shadow imps
  3 giant mites
  4 worms
  An ufetubus (D:9)
  12 white imps (Lair:2)
  6 adder zombies
  An adder skeleton (D:10)
  5 giant geckos
  3 oozes
  53 orcs
  2 ball pythons
  2 bat skeletons
  4 bat zombies (Ossuary)
  9 goblins
  13 hobgoblins
  10 jackals
  16 quokkas
  26 bats
  2 giant cockroaches
  4 giant newts
  3 giant spores
  A jackal skeleton (D:8)
  A jackal zombie (Ossuary)
  20 kobolds
  A quokka skeleton (D:7)
  3 quokka zombies (Ossuary)
  27 rats
  16 ballistomycetes
  11 fungi
  15 plants
1199 creatures vanquished.

Vanquished Creatures (collateral kills)
  A yaktaur (D:15)
1 creature vanquished.

Vanquished Creatures (others)
  A hydra (Swamp:5)
  A death yak (IceCv)
  A polar bear (IceCv)
  A yak (IceCv)
  An orc (D:13)
  A quokka (D:8)
  2 giant spores (D:12)
  6 fungi
  6 plants
20 creatures vanquished.

Grand Total: 1220 creatures vanquished

Notes
Turn   | Place    | Note
--------------------------------------------------------------
     0 | D:1      | Chiseanne, the Vine Stalker Monk, began the quest for the Orb.
     0 | D:1      | Reached XP level 1. HP: 11/11 MP: 1/1
    68 | D:1      | Reached XP level 2. HP: 16/16 MP: 3/3
   551 | D:2      | Reached XP level 3. HP: 17/19 MP: 4/4
   647 | D:2      | Found an ancient bone altar of Kikubaaqudgha.
   857 | D:2      | Reached XP level 4. HP: 24/24 MP: 5/5
  1171 | D:3      | Noticed Terence
  1192 | D:3      | Killed Terence
  1192 | D:3      | Reached skill level 5 in Unarmed Combat
  1297 | D:3      | Noticed ghwc's ghost (average OgBe)
  1297 | D:3      | Gained mutation: You possess an exceptional clarity of mind. [potion of mutation]
  1297 | D:3      | Gained mutation: Your spells are a little easier to cast, but a little less powerful. [potion of mutation]
  1297 | D:3      | Gained mutation: Your spells are easier to cast, but less powerful. [potion of mutation]
  1519 | D:3      | Reached skill level 1 in Armour
  1519 | D:3      | Reached XP level 5. HP: 23/28 MP: 7/7
  1678 | D:3      | Noticed Sigmund
  1947 | D:3      | Noticed Crazy Yiuf
  1951 | D:3      | Paralysed by Crazy Yiuf for 6 turns
  1959 | D:3      | Killed Crazy Yiuf
  2281 | D:4      | Gained mutation: You heal very quickly. [vine stalker growth]
  2281 | D:4      | Reached XP level 6. HP: 26/32 MP: 6/8
  2630 | D:4      | Found a snail-covered altar of Cheibriados.
  2638 | D:4      | Became a worshipper of Cheibriados the Contemplative
  2638 | D:4      | Acquired Cheibriados' first power
  2652 | D:4      | Got an ancient plate armour
  2663 | D:4      | Identified the +5 plate armour "Ujua" {rCorr MP+9 Int+2 Dex+3} (You found it on level 4 of the Dungeon)
  3147 | D:5      | Entered Level 5 of the Dungeon
  3181 | D:5      | Found a staircase to the Ecumenical Temple.
  3279 | D:5      | Reached XP level 7. HP: 32/36 MP: 9/9
  3293 | D:5      | Noticed Blork the orc
  3299 | D:5      | Killed Blork the orc
  3440 | D:5      | Reached skill level 5 in Armour
  3454 | D:5      | Acquired Cheibriados' second power
  3667 | D:5      | Gained mutation: You have razor-sharp teeth. [vine stalker growth]
  3667 | D:5      | Reached XP level 8. HP: 30/42 MP: 11/11
  3949 | D:6      | Reached skill level 1 in Invocations
  3959 | D:6      | Acquired Cheibriados' third power
  3967 | D:6      | Reached skill level 6 in Unarmed Combat
  4000 | D:6      | Found a white marble altar of Elyvilon.
  4554 | D:6      | Reached skill level 5 in Fighting
  4574 | D:6      | Found a shimmering altar of Xom.
  4576 | D:6      | Reached XP level 9. HP: 37/47 MP: 17/17
  4605 | D:6      | Acquired Cheibriados' fourth power
  4984 | D:7      | Reached skill level 1 in Shields
  5276 | D:7      | Learned a level 2 spell: Blink
  5279 | D:7      | Learned a level 2 spell: Repel Missiles
  5453 | D:7      | Noticed Prince Ribbit
  5468 | D:7      | Killed Prince Ribbit
  5468 | D:7      | Reached skill level 5 in Shields
  5477 | D:7      | Found a staircase to the Ecumenical Temple.
  5719 | D:7      | Reached XP level 10. HP: 51/51 MP: 18/18
  6199 | D:3      | Killed ghwc's ghost
  6199 | D:3      | Reached skill level 7 in Shields
  6644 | D:8      | Found a staircase to the Lair.
  6660 | Lair:1   | Entered Level 1 of the Lair of Beasts
  6677 | D:8      | Noticed Erolcha
  6682 | D:8      | Killed Erolcha
  6682 | D:8      | Reached skill level 8 in Shields
  6692 | D:8      | Found a white marble altar of Elyvilon.
  6746 | D:8      | Found a sand-covered staircase.
  6757 | Ossuary  | Entered an ossuary
  7030 | D:8      | Found a shadowy altar of Dithmenos.
  7111 | D:8      | Reached skill level 5 in Invocations
  7633 | D:9      | Found a stormy altar of Qazlal.
  7740 | D:9      | Reached XP level 11. HP: 56/56 MP: 24/24
  7925 | D:9      | Found a staircase to the Orcish Mines.
  8268 | D:10     | Entered Level 10 of the Dungeon
  8332 | D:10     | Noticed an unseen horror
  8336 | D:10     | Killed an unseen horror
  8336 | D:10     | Reached skill level 9 in Shields
  8516 | D:10     | Noticed Eustachio
  8524 | D:10     | Killed Eustachio
  8618 | D:10     | Found Meahiac's Antique Armour Boutique.
  9481 | D:11     | Learned a level 1 spell: Apportation
  9542 | D:12     | Gained mutation: You regenerate. [vine stalker growth]
  9542 | D:12     | Reached XP level 12. HP: 62/62 MP: 25/25
  9567 | D:12     | Noticed a hill giant
  9571 | D:12     | Killed a hill giant
 10117 | D:13     | Reached skill level 10 in Shields
 10641 | D:13     | Noticed a centaur warrior
 10650 | D:13     | Killed a centaur warrior
 10775 | D:14     | Noticed Urug
 10792 | D:14     | Killed Urug
 10831 | D:14     | Noticed a tengu warrior
 10842 | D:14     | Killed a tengu warrior
 10850 | D:14     | Reached XP level 13. HP: 61/69 MP: 26/26
 11329 | D:14     | Reached skill level 10 in Unarmed Combat
 11348 | D:14     | Noticed an ice dragon
 11359 | D:14     | Killed an ice dragon
 11372 | D:14     | Found a gate to the Vaults.
 11492 | D:15     | Entered Level 15 of the Dungeon
 11643 | D:15     | Found Qiczeu's Book Boutique.
 11688 | D:15     | Reached skill level 11 in Shields
 12070 | D:15     | Found a staircase to the Depths.
 12422 | Lair:1   | Noticed a four-headed hydra
 12430 | Lair:1   | Killed a four-headed hydra
 13062 | Lair:2   | Found a frozen archway.
 13095 | IceCv    | Entered an ice cave
 13215 | IceCv    | Reached XP level 14. HP: 73/76 MP: 27/27
 13310 | IceCv    | Reached skill level 10 in Fighting
 13434 | IceCv    | Got a distressingly furry cloak
 13448 | IceCv    | Identified the +2 cloak of Tosuxeol {SInv} (You found it in an ice cave)
 13459 | IceCv    | Noticed a frost giant
 13481 | IceCv    | Reached skill level 10 in Armour
 13487 | IceCv    | Killed a frost giant
 13988 | Lair:2   | Reached skill level 12 in Shields
 15049 | Lair:3   | Noticed Rupert
 15071 | Lair:3   | Killed Rupert
 15889 | Lair:4   | Found a staircase to the Snake Pit.
 16590 | Lair:1   | Learned a level 2 spell: Shroud of Golubria
 16595 | Lair:1   | Learned a level 4 spell: Passage of Golubria
 16646 | Lair:1   | Upgraded the game from 0.16.0-16-g311141a to 0.16.0-17-g811c1d7
 16730 | Lair:5   | Noticed Snorg
 16740 | Lair:4   | Killed Snorg
 16768 | Lair:5   | Reached XP level 15. HP: 81/81 MP: 28/28
 17938 | Lair:6   | Found a staircase to the Swamp.
 18123 | Lair:6   | Found a staircase to the Slime Pits.
 18344 | Lair:7   | Reached skill level 13 in Shields
 18399 | Lair:7   | Found a glowing golden altar of the Shining One.
 19044 | Lair:8   | Entered Level 8 of the Lair of Beasts
 19145 | Lair:8   | Found a dark tunnel.
 19150 | Volcano  | Entered a volcano
 19276 | Volcano  | Found a radiant altar of Vehumet.
 19921 | Lair:8   | Found a burning altar of Makhleb.
 19936 | Lair:8   | Reached XP level 16. HP: 77/88 MP: 29/29
 19970 | Lair:8   | Found a gateway to Hell.
 19984 | Lair:8   | Got a dazzling lajatang
 19991 | Lair:8   | Identified the -2 lajatang "Nuafug" {elec, Str+2} (You found it on level 8 of the Lair of Beasts)
 20374 | Lair:8   | Reached skill level 1 in Charms
 20394 | Lair:8   | Reached skill level 1 in Spellcasting
 20525 | Snake:1  | Entered Level 1 of the Snake Pit
 20615 | Snake:1  | Noticed Agnes
 20630 | Snake:1  | Killed Agnes
 20656 | Snake:1  | Noticed Louise
 20679 | Snake:1  | Killed Louise
 21085 | Snake:3  | Reached skill level 14 in Shields
 21103 | Snake:3  | Noticed Norris
 21115 | Snake:3  | Killed Norris
 21462 | Snake:4  | Reached skill level 15 in Shields
 21505 | Snake:5  | Entered Level 5 of the Snake Pit
 21626 | Snake:5  | Reached XP level 17. HP: 75/93 MP: 27/30
 21630 | Snake:5  | Reached skill level 16 in Shields
 21761 | Snake:5  | Got a serpentine rune of Zot
 22213 | Swamp:1  | Entered Level 1 of the Swamp
 22774 | Swamp:4  | Identified a scroll of acquirement
 22777 | Swamp:4  | Got a pair of jewelled gloves
 22783 | Swamp:4  | Identified the +2 pair of gloves of the City {Regen+ Int+6} (You acquired it on level 4 of the Swamp)
 22877 | Swamp:5  | Entered Level 5 of the Swamp
 23122 | Swamp:5  | Noticed the 27-headed Lernaean hydra
 23131 | Swamp:5  | HP: 3/93 [the 27-headed Lernaean hydra (3)]
 23131 | Swamp:5  | Slain by the 27-headed Lernaean hydra

Action                   |  1- 3 |  4- 6 |  7- 9 | 10-12 | 13-15 | 16-18 || total
-------------------------+-------+-------+-------+-------+-------+-------++-------
Melee: Unarmed           |    71 |   142 |   309 |   675 |  1095 |   499 ||  2791
       Quarterstaff      |       |    43 |       |       |       |       ||    43
 Fire: Blowgun           |       |       |       |       |     4 |       ||     4
Throw: Tomahawk          |       |     2 |     1 |     3 |       |       ||     6
 Cast: Repel Missiles    |       |       |       |       |       |     2 ||     2
Invok: Temporal Distorti |       |       |     4 |       |       |       ||     4
       Slouch            |       |       |       |     1 |       |    14 ||    15
Evoke: Wand              |       |       |     2 |     2 |    17 |       ||    21
       Lamp of fire      |       |       |       |       |     1 |       ||     1
       Phial of floods   |       |       |       |       |     1 |       ||     1
  Use: Scroll            |     5 |     6 |     4 |    15 |    10 |    10 ||    50
       Potion            |       |     2 |       |     3 |     4 |     2 ||    11
 Stab: Sleeping          |     1 |     1 |       |       |       |       ||     2
       Fleeing           |       |       |       |       |     1 |       ||     1
  Eat: Chunk             |     8 |    10 |     7 |    11 |    12 |     2 ||    50
       Pizza             |       |       |       |       |     2 |     3 ||     5
       Royal jelly       |       |       |       |       |     2 |     2 ||     4
